 Dungeon Crawl Stone Soup version 0.28-a0-1624-g820543e53a (webtiles) character file.

Game seed: 4431775536340487178

347 jlumianski the Firebug (level 6, -1/47 HPs)
             Began as a Hill Orc Fire Elementalist on Jan 23, 2022.
             Slain by a centaur warrior zombie (3 damage)
             ... on level 6 of the Dungeon.
             The game lasted 00:14:31 (2930 turns).

jlumianski the Firebug (Hill Orc Fire Elementalist) Turns: 2930, Time: 00:14:32

Health: -1/47      AC:  2    Str: 13    XL:     6   Next: 59%
Magic:  3/10       EV: 12    Int: 15    God:
Gold:   173        SH:  0    Dex: 11    Spells: 7/10 levels left

rFire   . . .      SeeInvis .   q - +0 flail
rCold   . . .      Faith    .   (no shield)
rNeg    . . .      Spirit   .   a - +0 robe
rPois   .          Reflect  .   (no helmet)
rElec   .          Harm     .   (no cloak)
rCorr   .          Rampage  .   (no gloves)
Will    .....                   (no boots)
Stlth   ++........              (no amulet)
HPRegen 0.15/turn               (no ring)
MPRegen 0.12/turn               (no ring)

@: no status effects
A: no striking features
a: no special abilities


You were on level 6 of the Dungeon.
You visited 1 branch of the dungeon, and saw 6 of its levels.

You collected 173 gold pieces.

Inventory:

Hand Weapons
 c - a +0 whip
 k - a +0 falchion
 q - a +0 flail (weapon)
 r - a +0 rapier
Missiles
 b - 121 stones (quivered)
 i - 44 sling bullets
 j - a throwing net
Armour
 a - a +0 robe (worn)
 h - a +0 leather armour
 l - a +0 scale mail
Wands
 m - a wand of mindburst (18)
 o - a wand of digging (6)
Scrolls
 p - a scroll of identify {unknown}
Potions
 d - a potion of curing {unknown}
 e - 2 potions of heal wounds {unknown}
 f - a potion of might
 g - a potion of magic
 n - 2 potions of resistance {unknown}


   Skills:
 + Level 1.1 Fighting
 + Level 1.4 Maces & Flails
 + Level 2.3 Dodging
 + Level 2.1 Stealth
 + Level 2.9 Spellcasting
 + Level 2.3 Conjurations
 + Level 5.2 Fire Magic


You had 7 spell levels left.
You knew the following spells:

 Your Spells              Type           Power      Damage    Failure   Level
a - Foxfire               Conj/Fire      52%        2x1d6     4%          1
b - Scorch                Fire           34%        2d6       3%          2

Your spell library contained the following spells:

 Spells                   Type           Power      Damage    Failure   Level
 Conjure Flame            Conj/Fire      13%        6-21      13%         3
 Inner Flame              Hex/Fire       10%        N/A       21%         3
 Flame Wave               Conj/Fire      13%        2d6       38%         4


Dungeon Overview and Level Annotations

Branches:
Dungeon (6/15)
 Temple: D:4-7

Altars:

Shops:
D:1 *


Message History

The foxfire hits the centaur warrior zombie.
The centaur warrior zombie is moderately damaged.
The foxfire hits the centaur warrior zombie!
The centaur warrior zombie is burned terribly!
The centaur warrior zombie is heavily damaged.
The centaur warrior zombie hits you.
The centaur warrior zombie barely misses you.
The centaur warrior zombie hits you.
The centaur warrior zombie barely misses you.
Casting: Foxfire (safe; 4% risk of failure)
Confirm with . or Enter, or press ? or * to list all spells.
You conjure some foxfire!
The centaur warrior zombie is no longer more vulnerable to fire.
The centaur warrior zombie closely misses you.
The centaur warrior zombie kicks you but does no damage.
You hit the centaur warrior zombie.
The centaur warrior zombie is heavily damaged.
The foxfire hits the centaur warrior zombie.
The centaur warrior zombie is heavily damaged.
The foxfire hits the centaur warrior zombie.
The centaur warrior zombie is heavily damaged.
The centaur warrior zombie hits you. The centaur warrior zombie kicks you.
* * * LOW HITPOINT WARNING * * *
The centaur warrior zombie hits you!
* * * LOW HITPOINT WARNING * * *
The centaur warrior zombie kicks you.
* * * LOW HITPOINT WARNING * * *
Casting: Foxfire (safe; 4% risk of failure)
Confirm with . or Enter, or press ? or * to list all spells.
Flames lash the centaur warrior zombie.
The centaur warrior zombie is severely damaged.
The centaur warrior zombie's fire resistance burns away.
The centaur warrior zombie hits you but does no damage.
The centaur warrior zombie closely misses you.
Casting: Scorch (safe; 3% risk of failure)
Confirm with . or Enter, or press ? or * to list all spells.
You conjure some foxfire!
The centaur warrior zombie barely misses you.
The centaur warrior zombie kicks you.
You die...

##### #...#
#.<.# #...#
#####...#####
#......Zv...#
#.<....@v.<.#
#...........#
######+######


You could see a centaur warrior zombie (combustible, ally target).

Vanquished Creatures
  Sigmund (D:3)
  A jelly (D:4)
  A hound (D:4)
  An orc wizard (D:3)
  2 adders
  3 gnolls (D:3)
  6 orcs
  5 endoplasms
  2 giant cockroaches
  6 goblins
  6 hobgoblins
  6 kobolds
  2 quokkas (D:1)
  8 ball pythons
  3 bats (D:1)
  3 frilled lizards
  4 rats
60 creatures vanquished.

Vanquished Creatures (others)
  144 foxfires
144 creatures vanquished.

Grand Total: 204 creatures vanquished

Notes
Turn   | Place    | Note
-------+----------+-------------------------------------------
     0 | D:1      | jlumianski the Hill Orc Fire Elementalist began the quest
                  | for the Orb.
     0 | D:1      | Reached XP level 1. HP: 14/14 MP: 3/3
   114 | D:1      | Reached XP level 2. HP: 20/20 MP: 2/4
   524 | D:1      | Found Doilic's Assorted Antiques.
   536 | D:1      | Reached skill level 4 in Fire Magic
   536 | D:1      | Reached XP level 3. HP: 24/26 MP: 0/5
   999 | D:2      | Learned a level 2 spell: Scorch
  1337 | D:2      | Found a faded altar of an unknown god.
  1402 | D:3      | Reached XP level 4. HP: 21/33 MP: 1/7
  1742 | D:3      | Noticed Sigmund
  1938 | D:4      | Reached XP level 5. HP: 38/38 MP: 5/8
  2156 | D:3      | Killed Sigmund
  2157 | D:3      | Reached skill level 1 in Fighting
  2157 | D:3      | Reached skill level 1 in Maces & Flails
  2157 | D:3      | Reached skill level 5 in Fire Magic
  2157 | D:3      | Reached XP level 6. HP: 35/47 MP: 1/10
  2842 | D:5      | Entered Level 5 of the Dungeon
  2928 | D:6      | HP: 1/47 [centaur warrior zombie (3)]
  2930 | D:6      | Slain by a centaur warrior zombie

Illustrated notes

Levels and vault maps discovered:
D:1:      psy_arrival_basics, layout_rooms, serial_shops,
          nicolae_shop_competitors_out_of_business
D:2:      layout_rooms, hellmonk_ecumenical_altar_pennies_from_heaven,
          grunt_decor_one_mirror
D:3:      layout_loops_cross, serial_rivers, chequers_serial_rivers_large_b,
          chequers_serial_rivers_small_3, chequers_serial_rivers_small_3,
          chequers_serial_rivers_micro_c, chequers_serial_rivers_small_a,
          uniq_sigmund
D:4:      layout_cave_pods, minmay_misc_feat_enclosed, grunt_tough_drop
D:5:      layout_basic, grunt_temple_overflow_cloverleaf,
          grunt_temple_overflow_bloody_war, minmay_stone_trees_small
D:6:      layout_gridville, kennysheep_little_box,
          minmay_temple_entry_gardened_gates,
          nicolae_concentric_dashed_squares_wild, kennysheep_flooded_box,
          nicolae_elevator_lobby_plus

Skill      XL: |  1  2  3  4  5 |
---------------+----------------+-----
Fire Magic     | 4 5 |  5.2
Dodging        | 2 |  2.3
Spellcasting   | 2 |  2.9
Fighting       | 1 |  1.1
Maces & Flails | 1 |  1.4
Stealth        | 2 |  2.1
Conjurations   | 2 |  2.3

Action                   |  1- 3 |  4- 6 || total
-------------------------+-------+-------++-------
Melee: Unarmed           |     3 |       ||     3
       Whip              |    29 |    13 ||    42
       Flail             |       |     4 ||     4
Throw: Stone             |     2 |       ||     2
 Cast: Foxfire           |    49 |    34 ||    83
       Scorch            |     1 |     8 ||     9
  Use: Scroll            |     2 |     2 ||     4
       Potion            |     1 |     1 ||     2
Armor: Robe              |     6 |     5 ||    11
Dodge: Dodged            |    25 |    25 ||    50

Table legend: (Time is in decaauts)
 A = Elapsed time spent in this place.
 B = Non-inter-level travel time spent in this place.
 C = Inter-level travel time spent in this place.
 D = Time resting spent in this place.
 E = Time spent auto-exploring this place.
 F = Levels seen in this place.
 G = Mean time per level.
                   A        B        C        D        E       F      G
               +--------+--------+--------+--------+--------+-----+--------+
         Total |   2986 |   2952 |     34 |    342 |   1763 |   6 |  497.7 |
       Dungeon |   2986 |   2952 |     34 |    342 |   1763 |   6 |  497.7 |
               +--------+--------+--------+--------+--------+-----+--------+

Top non-repeatable levels by time:
     D:3: 1086 daAuts
     D:1: 918 daAuts
     D:2: 641 daAuts
     D:4: 251 daAuts
     D:5: 76 daAuts
     D:6: 12 daAuts
